 Dungeon Crawl Stone Soup version 0.31.0-9-g3a7656b989 (webtiles) character file.

Game seed: 9568901676817121511

184 MacCMillion the Digger (level 5, -7/28 HPs)
             Began as a Gargoyle Earth Elementalist on Feb 1, 2024.
             Mangled by an iguana (8 damage)
             ... on level 3 of the Dungeon.
             The game lasted 00:09:42 (2590 turns).

MacCMillion the Digger (GrEE)                       Turns: 2590, Time: 00:09:42

Health: -7/28      AC:  6    Str: 12    XL:     5   Next: 64%
Magic:  1/10       EV: 11    Int: 17    God:
Gold:   160        SH:  0    Dex: 10    Spells: 8/11 levels left

rFire   . . .        h - +0 dagger
rCold   . . .        (no shield)
rNeg    + . .        a - +0 robe
rPois   ∞            (no helmet)
rElec   +            (no cloak)
rCorr   .            (no gloves)
SInv    .            (no boots)
Will    .....        (no amulet)
Stlth   ++           (no ring)
HPRegen 0.24/turn    (no ring)
MPRegen 0.12/turn

%: no passive effects
@: no status effects
A: sickness immunity, AC +4, negative energy resistance 1, electricity
resistance, torment resistance 1, petrification resistance
a: no special abilities


You were on level 3 of the Dungeon.
You visited 1 branch of the dungeon, and saw 3 of its levels.

You collected 160 gold pieces.

Inventory:

Hand Weapons
 h - a +0 dagger (weapon)
Armour
 a - a +0 robe (worn)
Jewellery
 f - a +6 ring of intelligence
Scrolls
 d - a scroll of enchant weapon {unknown}
 g - a scroll of blinking {unknown}
 k - a scroll of teleportation {unknown}
 n - 3 scrolls of vulnerability {unknown}
 q - a scroll of enchant armour {unknown}
Potions
 b - a potion of magic
 c - a potion of enlightenment
 e - a potion of resistance {unknown}
 i - a potion of brilliance {unknown}
 j - a potion of lignification {unknown}
 l - 2 potions of invisibility
 o - a potion of cancellation {unknown}
 p - a potion of attraction {unknown}


   Skills:
 - Level 1.5 Dodging
 - Level 2.2 Stealth
 + Level 3.8 Spellcasting
 - Level 1.1 Conjurations
 + Level 2.1 Translocations
 - Level 5.0 Earth Magic


You had 8 spell levels left.
You knew the following spells:

 Your Spells              Type           Power      Damage    Failure   Level
a - Sandblast             Erth           40%        2d10      1%          1
b - Blink                 Tloc           20%        N/A       11%         2

Your spell library contained the following spells:

 Spells                   Type           Power      Damage    Failure   Level
 Passwall                 Erth           20%        N/A       6%          3
 Magic Dart               Conj           28%        1d4       10%         1
 Stone Arrow              Conj/Erth      26%        3d8       14%         3
 Call Imp                 Summ           6%         N/A       24%         2
 Brom's Barrelling Bould  Conj/Erth      13%        2d4       41%         4
 Petrify                  Alch/Erth      11%        N/A       50%         4


Dungeon Overview and Level Annotations

Branches:
Dungeon (3/15)

Altars:
Vehumet


Innate Abilities, Weirdness & Mutations

You are immune to sickness and miasma.
Your stone body is resilient. (AC +4)
You are immune to poison.
You resist negative energy. (rN+)
You are resistant to electric shocks. (rElec)
You are resistant to unholy torment.
You are immune to petrification.


Message History

HP restored.
You start resting.
An iguana comes into view.
Things that are here:
a +0 club; a +0 ring mail The iguana hisses angrily.
You miscast Sandblast.
You are very lightly contaminated with residual magic.
Nothing appears to happen.
The blast of sand hits the iguana but does no damage.
The iguana completely misses you.
The blast of sand hits the iguana but does no damage.
The iguana bites you.
The blast of sand hits the iguana!
The iguana is heavily wounded.
The iguana closely misses you. The iguana misses you.
The blast of sand hits the iguana but does no damage.
The iguana is heavily wounded.
The iguana bites you.
Your magical contamination has completely faded away.
The blast of sand hits the iguana but does no damage.
The iguana is heavily wounded.
The iguana bites you. The iguana closely misses you.
The blast of sand misses the iguana.
The iguana bites you!
You are too injured to fight recklessly!
You are too injured to fight recklessly!
You are too injured to fight recklessly!
Aiming: Sandblast (safe; 1% risk of failure)
Press: ? - help, Q - select action, (/) - cycle Shift-Dir - straight line, f/p - iguana
Aim: an iguana (heavily wounded, 85% to hit)
The blast of sand misses the iguana.
The iguana closely misses you. The iguana bites you!
* * * LOW HITPOINT WARNING * * *
Aiming: Sandblast (safe; 1% risk of failure)
Press: ? - help, Q - select action, (/) - cycle Shift-Dir - straight line, f/p - iguana
Aim: an iguana (heavily wounded, 85% to hit)
The blast of sand hits the iguana.
The iguana is severely wounded.
The iguana bites you!
You die...

..... #...#..... #. ....#
#......... #####.##.
..###......... ..[.#...#
#...# #....... ........+
#...###.......
#......+##...#.+.......
............#.#.......
###..l........#.#.....
######....@...###.....#.##.
.............# ##.#.....#.
..#)#.#.....))..# #.....###.
........).....#########..###.
#..#.#..#..###).......#...##.
.........#.................
#.....#.#.#.............###.
...._......#.................
.#.....#.#.#...####+##......#


You could see an iguana.

Vanquished Creatures
  2 orc priests (D:3)
  5 adders
  2 dart slugs
  A ribbon worm (D:2)
  4 orcs (D:3)
  6 bats
  2 endoplasms
  A giant cockroach (D:2)
  10 goblins
  3 hobgoblins
  12 jackals
  5 kobolds
  A quokka (D:1)
  5 ball pythons
  2 frilled lizards (D:1)
  10 rats
71 creatures vanquished.

Notes
Turn   | Place    | Note
-------+----------+-------------------------------------------
     0 | D:1      | MacCMillion the Gargoyle Earth Elementalist began the quest
                  | for the Orb.
     0 | D:1      | Reached XP level 1. HP: 10/10 MP: 3/3
   160 | D:1      | Found a faded altar of an unknown god.
   171 | D:1      | Reached XP level 2. HP: 15/15 MP: 3/5
   203 | D:1      | Reached skill level 4 in Earth Magic
   679 | D:1      | Reached XP level 3. HP: 19/19 MP: 3/6
  1470 | D:2      | Reached XP level 4. HP: 24/24 MP: 5/8
  1524 | D:2      | Reached skill level 5 in Earth Magic
  1591 | D:2      | Learned a level 2 spell: Blink
  2190 | D:3      | Reached skill level 1 in Translocations
  2310 | D:3      | Reached XP level 5. HP: 28/28 MP: 6/10
  2475 | D:3      | Found a radiant altar of Vehumet.
  2589 | D:3      | HP: 1/28 [iguana (11)]
  2590 | D:3      | Mangled by an iguana

Illustrated notes

Levels and vault maps discovered:
D:1:      onia_arrival_handbag, layout_basic,
          hellmonk_ecumenical_altar_leap_of_faith,
          nicolae_concentric_dashed_squares_wild
D:2:      layout_rooms, minmay_misc_feat_room
D:3:      layout_basic, nicolae_vehumet_radiance

Skill      XL: |  1  2  3  4  5 |
---------------+----------------+-----
Earth Magic    | 4 5 |  5.0
Spellcasting   | 3 |  3.8
Translocations | 1 2 |  2.1
Dodging        | |  1.5
Stealth        | |  2.2
Conjurations   | |  1.1

Action                     |  1- 3 |  4- 6 || total
---------------------------+-------+-------++-------
  Melee: Unarmed           |     7 |       ||     7
         Punch             |     1 |       ||     1
         Dagger            |       |     2 ||     2
   Cast: Sandblast         |    58 |    48 ||   106
    Use: Scroll            |       |     2 ||     2
 Armour: Robe              |    25 |    19 ||    44
  Dodge: Dodged            |    15 |    16 ||    31
